AoeStats
← Erick14mar

Nomad

510521810Analyzed
2v2 RM · 2d ago on Oct 1, 2026· 34m 47s· 4 players
Game mode
Random Map
Map size
176×176
Population
200
Speed
Normal
Resources
Standard
Victory
Conquest
Starting age
Dark Age
Ending age
Imperial Age
RankedLock teamsTeams togetherTeam positionsShared explorationLock speedFull tech treeHidden civsTurbo modeCheats
Victory
Defeat
🇨🇳 Vietnamese · China
1342
+17
🇨🇳 Mongols · China
1340
+17
🇵🇪 Celts · Peru
1375
-17
🇨🇳 Vikings · China
1365
-17
张世豪
4:55 Loom
13:04 Feudal Age
13:31 Double-Bit Axe
13:28 Fishing Lines
13:48 Gold Mining
21:39 Castle Age
20:20 Stone Mining
23:00 Wheelbarrow
22:37 Bow Saw
22:19 Gillnets
23:50 Hand Cart
24:25 Fletching
26:22 Bodkin Arrow
29:07 Imperial Age
28:11 Padded Archer Armor
28:00 Horse Collar
29:42 Ballistics
32:24 Chemistry
33:51 Two-Man Saw
32:54 Heavy Plow
杨吉光
4:33 Loom
12:34 Feudal Age
14:44 Forging
20:02 Castle Age
20:43 Fletching
22:55 Padded Archer Armor
32:47 Double-Bit Axe
34:19 Bodkin Arrow
Erick14mar
4:12 Loom
15:26 Feudal Age
18:55 Castle Age
228811348
4:27 Loom
15:05 Feudal Age
15:53 Double-Bit Axe
15:53 Fishing Lines
19:13 Castle Age
20:24 Bow Saw
20:05 Gold Mining
21:58 Fletching
23:43 Gillnets
25:04 Gold Shaft Mining
24:47 Stone Mining
25:00 Horse Collar
25:58 Heavy Plow
27:26 Bodkin Arrow
35:09 Imperial Age
33:01 Scale Barding Armor
34:47 Padded Archer Armor
Connection lost

Rejoining the realm…

Still unreachable

The connection could not be restored.

Session expired

The server has moved on; the page needs a fresh start.